 Dungeon Crawl Stone Soup version 0.18.1-48-g4cf74bf (webtiles) character file.

164 atgrul the Stinger (level 5, -13/24 HPs)
             Began as a Spriggan Venom Mage on July 14, 2016.
             Killed from afar by an orc (17 damage)
             ... with a wand of lightning
             ... on level 3 of the Dungeon.
             The game lasted 00:15:09 (3499 turns).

atgrul the Stinger (Spriggan Venom Mage)            Turns: 3499, Time: 00:15:09

Health: -13/24     AC:  2    Str:  5    XL:     5   Next: 21%
Magic:  9/10       EV: 20    Int: 16    God:
Gold:   140        SH:  0    Dex: 17    Spells: 2 memorised, 5 levels left

rFire  . . .     SeeInvis +     o - -3 dagger (curse)
rCold  . . .     Gourm    .     a - +0 robe
rNeg   . . .     Faith    .     (shield restricted)
rPois  +         Spirit   .     (helmet restricted)
rElec  .         Dismiss  .     (no cloak)
rCorr  .         Reflect  .     (gloves unavailable)
SustAt .         Harm     .     (boots unavailable)
MR     .....                    (no amulet)
Stlth  +++.......               (no ring)
                                k - ring of poison resistance

@: very slightly contaminated, very quick, not resistant to hostile
enchantments, fairly stealthy
A: unfitting armour, see invisible, herbivore 3, speed 3, slow metabolism 2
a: no special abilities


You were on level 3 of the Dungeon.
You were full.

You visited 1 branch of the dungeon, and saw 3 of its levels.

You collected 140 gold pieces.

Inventory:

Hand Weapons
 f - a +1 dagger
 o - a cursed -3 dagger (weapon)
 p - a +0 dagger
Missiles
 e - 5 needles of sleeping
 i - 12 poisoned needles
Armour
 a - a +0 robe (worn)
 g - a +0 pair of boots
Jewellery
 k - a ring of poison resistance (left hand)
Wands
 c - a wand of confusion (20/48)
Scrolls
 u - 2 scrolls of identify
Potions
 d - a potion of heal wounds
 h - 2 potions of lignification {unknown}
 j - a potion of beneficial mutation {unknown}
 l - 2 potions of ambrosia {unknown}
 q - 2 potions of curing {unknown}
 s - a potion of cancellation {unknown}
Books
 b - a Young Poisoner's Handbook

   Spells                             Type                      Level
   a - Sting                          Conjuration/Poison           1
   b - Cure Poison                    Poison                       2
   c - Mephitic Cloud                 Conjuration/Poison/Air       3
   d - Olgreb's Toxic Radiance        Poison                       4
   e - Venom Bolt                     Conjuration/Poison           5
Comestibles
 m - a royal jelly
 n - 3 meat rations
 r - a beef jerky
 t - 2 fruits


   Skills:
 + Level 5.1 Dodging
 - Level 3.0 Stealth
 - Level 2.6 Spellcasting
 - Level 0.4 Conjurations
 + Level 5.7 Poison Magic


You had 5 spell levels left.
You knew the following spells:

 Your Spells              Type           Power        Failure   Level  Hunger
a - Sting                 Conj/Pois      ##..         8%          1    #......
b - Mephitic Cloud        Conj/Pois/Air  #.......     28%         3    ###....


Dungeon Overview and Level Annotations

Branches:
Dungeon (3/15)

Altars:
Sif Muna


Innate Abilities, Weirdness & Mutations

You are tiny and cannot use many weapons and most armour.
You have supernaturally acute eyesight.
You are a herbivore.
You cover ground extremely quickly.
You need consume almost no food.


Message History

a short sword; a kobold corpse You spend a moment contemplating the meaning of life.
An adder comes into view.
Casting: Sting
Confirm with . or Enter, or press ? or * to list all spells.
Aiming: Sting
Press: ? - help, Shift-Dir - straight line, f - adder
Aim: an adder (resting)
You miscast Sting.
You are very lightly contaminated with residual magic.
You are momentarily dazzled by a flash of light!
The orc shouts!
The orc zaps a wand.
The bolt of lightning hits the adder.
The adder dies!
The bolt of lightning hits you!
Ouch! That really hurt!
* * * LOW HITPOINT WARNING * * *
The bolt of lightning hits you!
Ouch! That really hurt!
You die...

#.#,,***_+,,..
#.#,,***+***..
###.#,,* *,* *..
#)..#,,***,***,,
######.###,,,,,,,,,,,
#......# *,*,,*,,,,,,
##.#######.#*,**,,,,,
#.#......o#*,*******
#.#@#*******,*******
#.#.# *,,,,,,,,,
##.#.# *,,,,,,,,,
#....#******,,,,,,,,,
######*,,,,,,,,,,,,,,
*,,,,,,,*******
*,,,,,,,* *,,,,,,,*
*,,,,,,,*


You could see an orc.

Vanquished Creatures
  An iguana (D:3)
  Ijyb (D:3)
  5 adders
  An ooze (D:1)
  3 worms
  2 giant geckos (D:2)
  An orc (D:3)
  3 bats
  3 giant cockroaches
  2 goblins (D:2)
  7 hobgoblins
  5 kobolds
  4 quokkas
  5 giant newts
  12 rats
55 creatures vanquished.

Vanquished Creatures (others)
  An adder (D:3)
1 creature vanquished.

Grand Total: 56 creatures vanquished

Notes
Turn   | Place    | Note
--------------------------------------------------------------
     0 | D:1      | atgrul the Spriggan Venom Mage began the quest for the Orb.
     0 | D:1      | Reached XP level 1. HP: 9/9 MP: 5/5
   397 | D:1      | Reached XP level 2. HP: 13/13 MP: 3/6
  1461 | D:2      | Reached XP level 3. HP: 16/16 MP: 2/8
  1547 | D:2      | Learned a level 3 spell: Mephitic Cloud
  2111 | D:2      | Found a deep blue altar of Sif Muna.
  2152 | D:2      | Reached skill level 5 in Poison Magic
  2293 | D:2      | Reached XP level 4. HP: 21/21 MP: 4/9
  3154 | D:3      | Noticed Ijyb
  3285 | D:3      | Killed Ijyb
  3285 | D:3      | Reached skill level 5 in Dodging
  3285 | D:3      | Reached XP level 5. HP: 24/24 MP: 0/10
  3499 | D:3      | Killed from afar by an orc

Skill      XL: |  1  2  3  4 |
---------------+-------------+-----
Dodging        | 4 5 |  5.1
Poison Magic   | 5 |  5.7
Stealth        | |  3.0
Spellcasting   | |  2.6
Conjurations   | |  0.4

Action                   |  1- 3 |  4- 6 || total
-------------------------+-------+-------++-------
Melee: Dagger            |    55 |    53 ||   108
 Cast: Sting             |    72 |    68 ||   140
       Mephitic Cloud    |       |     2 ||     2
  Use: Scroll            |     5 |     3 ||     8
       Potion            |       |     1 ||     1
 Stab: Sleeping          |     1 |     3 ||     4
  Eat: Bread ration      |       |     1 ||     1
Armor: Robe              |    10 |     5 ||    15
Dodge: Dodged            |    72 |    42 ||   114
